 Dungeon Crawl Stone Soup version 0.28-a0-925-gd5e1996cdb (webtiles) character file.

Game seed: 7319963536685209604

2118 wakim the Shield-Bearer (level 9, -1/89 HPs)
             Began as a Troll Fighter on Nov 26, 2021.
             Was a Priest of the Shining One.
             Slain by a hornet (15 damage)
             ... on level 7 of the Dungeon.
             The game lasted 00:16:18 (4724 turns).

wakim the Shield-Bearer (Troll Fighter)             Turns: 4724, Time: 00:16:18

Health: -1/89      AC:  4    Str: 26    XL:     9   Next: 8%
Magic:  8/8        EV: 10    Int:  4    God:    the Shining One [***...]
Gold:   347        SH: 11    Dex: 18    Spells: 8/8 levels left

rFire   . . .      SeeInvis .     - Unarmed
rCold   . . .      Faith    .   b - +0 kite shield
rNeg    + . .      Spirit   .   a - +0 robe
rPois   .          Reflect  .   (helmet restricted)
rElec   .          Harm     .   (no cloak)
rCorr   +          Rampage  .   (gloves unavailable)
Will    .....                   (boots unavailable)
Stlth   +.........              (no amulet)
HPRegen 1.04/turn               i - +6 ring of dexterity
MPRegen 0.11/turn               n - ring of resist corrosion

@: about to teleport, slowed, glowing, very slow
A: large, unfitting armour, claws 3, regeneration 1, shaggy fur 1, tough skin 1
a: Renounce Religion, Divine Shield, Cleansing Flame


You were on level 7 of the Dungeon.
You worshipped the Shining One.
The Shining One was most pleased with you.
You visited 2 branches of the dungeon, and saw 8 of its levels.
You also visited: Sewer.

You collected 347 gold pieces.

Inventory:

Missiles
 h - 9 poisoned darts (quivered)
 m - 3 javelins
Armour
 a - a +0 robe (worn)
 b - a +0 kite shield (worn)
Jewellery
 i - a +6 ring of dexterity (left claw)
 n - a ring of resist corrosion (right claw)
Wands
 t - a wand of digging (5)
 u - a wand of mindburst (11)
 v - a wand of flame (13)
Scrolls
 c - a scroll of vulnerability {unknown}
 d - a scroll of amnesia {unknown}
 j - a scroll of blinking {unknown}
 k - 2 scrolls of magic mapping {unknown}
 p - a scroll of noise {unknown}
 x - a scroll of enchant armour {unknown}
 T - a scroll of teleportation
 X - 3 scrolls of fog
Potions
 o - a potion of berserk rage {unknown}
 q - a potion of magic {unknown}
 s - a potion of attraction {unknown}
 F - 3 potions of curing
 H - 2 potions of haste
 M - 2 potions of mutation {!q}
 N - 3 potions of might


   Skills:
 + Level 5.6 Fighting
 - Level 2.4 Dodging
 * Level 7.3 Shields
 + Level 6.4 Unarmed Combat


You had 8 spell levels left.
You didn't know any spells.
Your spell library contained the following spells:

 Spells                   Type           Power      Damage    Failure   Level
 Animate Skeleton         Necr           0%         N/A       63%         1
 Apportation              Tloc           0%         N/A       63%         1
 Foxfire                  Conj/Fire      0%         2x1d4     63%         1
 Summon Small Mammal      Summ           0%         N/A       63%         1
 Corpse Rot               Necr/Air       0%         N/A       77%         2
 Conjure Flame            Conj/Fire      0%         6-21      94%         3
 Frozen Ramparts          Ice            0%         1d2       94%         3
 Inner Flame              Hex/Fire       0%         N/A       94%         3
 Dispel Undead            Necr           0%         3d6       100%        4
 Flame Wave               Conj/Fire      0%         3d3       100%        4
 Ice Form                 Ice/Tmut       0%         N/A       100%        4
 Summon Ice Beast         Ice/Summ       0%         N/A       100%        4
 Death Channel            Necr           0%         N/A       100%        6


Dungeon Overview and Level Annotations

Branches:
Dungeon (7/15)             Temple (1/1) D:6           Sewer (visited)

Altars:
Kikubaaqudgha
Okawaru
Qazlal
Ru
Zin
The Shining One

Annotations:
D:3 2 transporters, t4s4d4r's ghost, amateur OpTm


Innate Abilities, Weirdness & Mutations

You are too large for most types of armour.
You have claws for hands.
Your natural rate of healing is unusually fast.
You are covered in fur. (AC +1)
You have tough skin. (AC +1)


Message History

Items here: )))))) ? [[ †††.
You feel sick. You block the hornet's attack.
Items here: ( )))) [ ††.
You feel sick. The hornet stings you.
You are more poisoned.
You feel as though you will be slow longer.
You feel very sick. The hornet stings you.
You feel as though you will be slow longer.
You block the hornet's attack.
You feel better.
The hornet stings you but does no damage.
You block the hornet's attack.
You completely miss the hornet. The hornet stings you.
You suddenly lose the ability to move!
The hornet stings you!
* * * LOW HITPOINT WARNING * * *
You feel as though you will be slow longer.
The hornet stings you!
* * * LOW HITPOINT WARNING * * *
You are poisoned.
You feel as though you will be slow longer.
The hornet stings you!
* * * LOW HITPOINT WARNING * * *
You feel as though you will be slow longer.
You feel very sick. The hornet stings you!
* * * LOW HITPOINT WARNING * * *
You shrug off the repeated paralysis!
You can move again.
You completely miss the hornet.
You feel very sick. You block the hornet's attack. x2
You feel better. The hornet closely misses you. The hornet stings you!
* * * LOW HITPOINT WARNING * * *
You feel as though you will be slow longer.
The hornet barely misses you.
As you read the scroll of teleportation, it crumbles to dust.
You feel strangely unstable. The hornet barely misses you.
The hornet stings you!
You die...

#. #.. #.###..
.......## ..
.......>. # # .#>
........# .#....
........# #.#..#
........# #.#..#
...$...<######)#..#
...........@yh)...#
##..###.######).###
#. .... #..# ###.#
##).# #.# #...# #.#
#............
#.#...........###
....#............
.. #.......#####


You could see a hornet and a black bear.

Vanquished Creatures
  A steam dragon (D:6)
  Edmund (D:5)
  Menkaure (D:6)
  A water moccasin (D:6)
  A black bear (D:6)
  A sky beast (D:5)
  3 ogres
  A kobold brigand (D:7)
  2 bullfrogs (Sewer)
  A wyvern zombie (D:6)
  2 scorpions
  A howler monkey (D:4)
  A bullfrog zombie (D:6)
  2 hounds
  A gnoll shaman (D:4)
  2 orc priests
  2 bullfrog skeletons
  A jelly (D:4)
  2 iguanas
  2 orc wizards
  A hound skeleton (D:4)
  Robin (D:2)
  14 adders
  16 gnolls
  2 river rats (D:5)
  A white imp (D:5)
  An adder skeleton (D:2)
  5 worms
  4 dart slugs
  12 orcs
  14 endoplasms
  13 giant cockroaches
  12 goblins
  10 hobgoblins
  6 jackals (D:1)
  15 quokkas
  12 ball pythons
  6 bats
  10 frilled lizards
  11 kobolds
  9 rats
204 creatures vanquished.

Notes
Turn   | Place    | Note
-------+----------+-------------------------------------------
     0 | D:1      | wakim the Troll Fighter began the quest for the Orb.
     0 | D:1      | Reached XP level 1. HP: 22/22 MP: 0/0
    33 | D:1      | Reached XP level 2. HP: 18/29 MP: 1/1
   265 | D:1      | Reached XP level 3. HP: 36/36 MP: 2/2
   504 | D:1      | Found a faded altar of an unknown god.
   726 | D:1      | Prayed at the altar of an unknown god.
   726 | D:1      | Became a worshipper of the Shining One
   726 | D:1      | Reached * piety under the Shining One
  1041 | D:2      | Noticed Robin
  1046 | D:2      | Reached skill level 3 in Shields
  1055 | D:2      | Killed Robin
  1056 | D:2      | Reached XP level 4. HP: 44/45 MP: 3/3
  1856 | D:3      | Noticed t4s4d4r's ghost (amateur OpTm)
  2027 | D:3      | Found a transporter.
  2031 | D:3      | Found a transporter.
  2113 | D:3      | Noticed an ogre
  2113 | D:3      | Reached ** piety under the Shining One
  2117 | D:3      | Killed an ogre
  2118 | D:3      | Reached XP level 5. HP: 53/53 MP: 4/4
  2186 | D:4      | Noticed an ogre
  2191 | D:4      | Killed an ogre
  2192 | D:4      | Reached skill level 4 in Shields
  2192 | D:4      | Reached XP level 6. HP: 62/62 MP: 5/5
  2699 | D:4      | Reached XP level 7. HP: 41/70 MP: 6/6
  2807 | D:4      | Reached skill level 5 in Shields
  3100 | D:5      | Entered Level 5 of the Dungeon
  3375 | D:5      | Found a glowing silver altar of Zin.
  3470 | D:5      | Noticed Edmund
  3484 | D:5      | Killed Edmund
  3485 | D:5      | Reached skill level 5 in Unarmed Combat
  3778 | D:6      | Noticed Menkaure
  3793 | D:5      | Reached XP level 8. HP: 74/79 MP: 7/7
  3857 | D:6      | Found a staircase to the Ecumenical Temple.
  3860 | D:6      | Killed Menkaure
  3860 | D:6      | Reached *** piety under the Shining One
  3861 | D:6      | Reached skill level 6 in Shields
  3863 | D:6      | Found a glowing drain.
  3872 | Sewer    | Entered a sewer
  4038 | Sewer    | Reached skill level 5 in Fighting
  4228 | Temple   | Entered the Ecumenical Temple
  4508 | D:6      | Reached skill level 7 in Shields
  4675 | D:7      | Reached XP level 9. HP: 85/88 MP: 8/8
  4719 | D:7      | Paralysed by a hornet for 3 turns
  4724 | D:7      | Slain by a hornet

Illustrated notes

Levels and vault maps discovered:
D:1:      lightli_arrival_noodles, layout_basic, nicolae_ecumenical_lake_church,
          roderic_serpentine_path
D:2:      layout_loops_ring, uniq_robin
D:3:      layout_rooms, serial_curves, eino_curves_01, eino_curves_03,
          gammafunk_ghost_arena, minivault_27, minmay_joined_circles
D:4:      layout_basic
D:5:      layout_basic, lemuel_tele_altar, minmay_misc_feat_rugged, uniq_edmund
D:6:      layout_rooms, minmay_temple_entry_offerings, portal_sewer_entry_a,
          uniq_menkaure
D:7:      layout_loops_ring, uniq_pikel
Temple:   nicolae_temple_the_god_donut

Skill      XL: |  1  2  3  4  5  6  7  8 |
---------------+-------------------------+-----
Fighting       | 3 4 5 |  5.6
Shields        | 3 4 5 7 |  7.3
Unarmed Combat | 3 4 5 6 |  6.4
Dodging        | |  2.4

Action                   |  1- 3 |  4- 6 |  7- 9 || total
-------------------------+-------+-------+-------++-------
Melee: Unarmed           |    90 |   119 |   230 ||   439
Throw: Dart              |       |     2 |     4 ||     6
  Use: Scroll            |       |       |     6 ||     6
       Potion            |       |       |     2 ||     2
Armor: Robe              |    41 |    19 |    43 ||   103
Dodge: Dodged            |    31 |    23 |    75 ||   129
Block: Kite shield       |    30 |    47 |   112 ||   189

Table legend: (Time is in decaauts)
 A = Elapsed time spent in this place.
 B = Non-inter-level travel time spent in this place.
 C = Inter-level travel time spent in this place.
 D = Time resting spent in this place.
 E = Time spent auto-exploring this place.
 F = Levels seen in this place.
 G = Mean time per level.
                   A        B        C        D        E       F      G
               +--------+--------+--------+--------+--------+-----+--------+
         Total |   4830 |   4588 |    242 |     36 |   3268 |   9 |  536.7 |
       Dungeon |   4479 |   4237 |    242 |     36 |   3150 |   7 |  639.9 |
        Temple |      1 |      1 |      0 |      0 |      0 |   1 |    1.0 |
         Sewer |    349 |    349 |      0 |      0 |    117 |   1 |  349.0 |
               +--------+--------+--------+--------+--------+-----+--------+

Top non-repeatable levels by time:
     D:1: 964 daAuts
     D:4: 915 daAuts
     D:5: 732 daAuts
     D:3: 662 daAuts
     D:2: 603 daAuts
     D:6: 541 daAuts
   Sewer: 349 daAuts
     D:7: 61 daAuts
  Temple: 1 daAuts
